 Dungeon Crawl Stone Soup version 0.31-a0-176-g91f28db67f (webtiles) character file.

Game seed: 12670979270618269323

84 qw the Chopper (level 4, -2/28 HPs)
             Began as a Gargoyle Fighter on June 17, 2023.
             Slain by Sigmund
             ... wielding a +0 scythe
              (6 damage)
             ... on level 2 of the Dungeon.
             The game lasted 00:00:54 (1290 turns).

qw the Chopper (Gargoyle Fighter)                   Turns: 1290, Time: 00:00:55

Health: -2/28      AC: 12    Str: 21    XL:     4   Next: 45%
Magic:  4/4        EV:  7    Int:  9    God:
Gold:   120        SH:  0    Dex:  9    Spells: 3/3 levels left

rFire   . . .        Y - +0 war axe
rCold   . . .        c - +0 buckler
rNeg    + . .        i - +0 chain mail
rPois   inf          (no helmet)
rElec   +            (no cloak)
rCorr   .            (no gloves)
SInv    .            (no boots)
Will    .....        (no amulet) Stlth
                     (no ring)
HPRegen 0.24/turn    (no ring)
MPRegen 0.09/turn

%: no passive effects
@: confused
A: sickness immunity, AC +3, negative energy resistance 1, electricity
resistance, torment resistance 1, petrification resistance
a: no special abilities


You were on level 2 of the Dungeon.
You visited 1 branch of the dungeon, and saw 2 of its levels.

You collected 120 gold pieces.


Innate Abilities, Weirdness & Mutations

You are immune to sickness and miasma.
Your stone body is resilient. (AC +3)
You are immune to poison.
You resist negative energy. (rN+)
You are resistant to electric shocks. (rElec)
You are resistant to unholy torment.
You are immune to petrification.


   Skills:
 - Level 3.2 Fighting
 + Level 4.1 Axes
 - Level 3.2 Armour
 - Level 3.2 Shields


You had 3 spell levels left.
You didn't know any spells.
Your spell library was empty.

Inventory:

Hand Weapons
 o - a +0 mace
 Y - a +0 war axe (weapon)
Armour
 c - a +0 buckler (worn)
 f - a +2 helmet
 i - a +0 chain mail (worn)
Scrolls
 a - 2 scrolls of brand weapon {unknown}
 b - a scroll of identify
 g - a scroll of enchant armour {unknown}
Potions
 d - a potion of might
 e - a potion of mutation {unknown}
 j - a potion of invisibility {unknown}

Dungeon Overview and Level Annotations

Branches:
Dungeon (2/15)

Altars:

Annotations:
D:2 Sigmund


Message History

Enter note:
Enter note:
Enter note:
Enter note:
Enter note:
Enter note:
Enter note:
Enter note: You bump into the rock wall.
You feel less confused.
You swing at nothing.
You hear some strange, mumbled words.
You are confused.
You hear some strange, mumbled words.
You are more confused.
You bump into the rock wall.
You hear some strange, mumbled words.
A puff of flame appears from out of thin air!
The puff of flame misses you.
You bump into the rock wall.
Something hits you but does no damage.
You barely miss something. Something hits you but does no damage.
You're too confused to move!
Something hits you.
You miss something.
You hear some strange, mumbled words.
A puff of flame appears from out of thin air!
The puff of flame hits you!
You barely miss something. Something hits you.
You closely miss something. Something hits you!
You completely miss something.
You hear some strange, mumbled words.
A magic dart appears from out of thin air!
The magic dart hits you but does no damage.
You completely miss something. Something hits you.
You die...

#.# #.##.##) #.#
#.##.##.
#.#.######.##.##.
#.#..............
..#<######..#.... .
#.#.# #....... ... #.#.#
#..#.###
.....###.#.######..#.###
......{@................
#..#####.#.#######.#.###
..#####.#.# #.#.#
..........# #.#.#
..#####.### ##.#.### #.#
#....... #.# ####.###
#.##########.[... #.#
....)........


There were no monsters in sight!

Vanquished Creatures
  Robin (D:2)
  2 adders (D:2)
  2 dart slugs
  2 ball pythons
  2 bats
  5 endoplasms
  6 hobgoblins
  2 jackals (D:1)
  4 frilled lizards
  11 goblins
  7 kobolds
  5 rats
49 creatures vanquished.

Notes
Turn   | Place    | Note
-------+----------+-------------------------------------------
     0 | D:1      | qw the Gargoyle Fighter began the quest for the Orb.
     0 | D:1      | Reached XP level 1. HP: 14/14 MP: 1/1
     0 | D:1      | 0 ||| qw: Version: 0.3-a-5-g6f28e65
     0 | D:1      | 0 ||| qw: Game counter: 475
     0 | D:1      | 0 ||| qw: Always use a shield: true
     0 | D:1      | 0 ||| qw: God list: Okawaru
     0 | D:1      | 0 ||| qw: Allow faded altars: false
     0 | D:1      | 0 ||| qw: Do Orc after D:15 true
     0 | D:1      | 0 ||| qw: Do second Lair branch before Depths: true
     0 | D:1      | 0 ||| qw: Lair rune preference: random
     0 | D:1      | 0 ||| qw: Plans: Normal, Zot:1-4, Slime:5, God:TSO, Crypt,
                  | Tomb, Abyss, Pan, Hells, Win
     0 | D:1      | 0 ||| PLANNING D:1-11
    79 | D:1      | Reached skill level 2 in Axes
   150 | D:1      | Reached XP level 2. HP: 19/19 MP: 2/2
   171 | D:1      | 171 ||| DROPPING +0 club.
   176 | D:1      | 176 ||| Stepping ~*~*~tactically~*~*~ (stealth).
   305 | D:1      | 305 ||| DROPPING +0 whip.
   465 | D:1      | Reached skill level 3 in Axes
   496 | D:1      | 496 ||| UPGRADING to +0 chain mail.
   506 | D:1      | 506 ||| DROPPING +0 scale mail.
   507 | D:1      | 507 ||| DROPPING +6 ring of intelligence.
   508 | D:1      | 508 ||| READING scroll labelled GIDUZE PEZU.
   509 | D:1      | 509 ||| READING scroll labelled XEKHUAT OSONERIW.
   513 | D:1      | 513 ||| READING scroll labelled VEMOFEAZEM.
   514 | D:1      | 514 ||| READING scroll labelled XORIMY JILYTIBB.
   515 | D:1      | 515 ||| READING scroll labelled ERICO DIUWY.
   516 | D:1      | 516 ||| READING scroll labelled QAEGEO LEIVVASU.
   546 | D:2      | Reached XP level 3. HP: 23/23 MP: 3/3
   596 | D:2      | Noticed Robin
   597 | D:2      | 597 ||| Stepping ~*~*~tactically~*~*~ (hiding).
   614 | D:2      | Killed Robin
   615 | D:2      | Reached XP level 4. HP: 19/28 MP: 4/4
   699 | D:2      | 699 ||| Stepping ~*~*~tactically~*~*~ (hiding).
   951 | D:2      | Reached skill level 4 in Axes
  1269 | D:2      | Noticed Sigmund
  1288 | D:2      | HP: 3/28 [something (8)]
  1290 | D:2      | Slain by Sigmund

Levels and vault maps discovered:
D:1:      scummos_arrival_simple_crosswalls, layout_rooms
D:2:      layout_basic, uniq_natasha, uniq_robin, uniq_sigmund

Skill      XL: |  1  2  3  4 |
---------------+-------------+-----
Axes           | 2 3 4 |  4.1
Fighting       | |  3.2
Armour         | |  3.2
Shields        | |  3.2

Action                     |  1- 3 |  4- 6 || total
---------------------------+-------+-------++-------
  Melee: War axe           |   102 |    35 ||   137
    Use: Scroll            |     6 |       ||     6
 Armour: Scale mail        |    28 |       ||    28
         Chain mail        |    43 |    15 ||    58
  Dodge: Dodged            |    57 |     5 ||    62
  Block: Buckler           |    13 |     5 ||    18

Table legend:
 A = Non-vault XP
 B = Vault XP
 C = Vault XP percentage of total XP
 D = Non-vault monster count
 E = Vault monster count
 F = Vault count percentage of total count
                 A         B        C        D         E       F
            +---------+---------+-------+---------+---------+-------
      Total |      82 |      38 |  31.7 |      36 |      13 |  26.5
            +---------+---------+-------+---------+---------+-------
        D:1 |      30 |       0 |   0.0 |      18 |       0 |   0.0
        D:2 |      52 |      38 |  42.2 |      18 |      13 |  41.9
            +---------+---------+-------+---------+---------+-------
